TOP OF THE 1ST |
Greensboro Hornets batting - Pitching for Lynchburg Hillcats : RHP Steve Ontiveros
|
Pitching: RHP Steve Ontiveros
|
|
Batting: RHB Armando Moreno
|
0-0: Called Strike 0-1: Ball 1-1: Ball 2-1: Ground out U3 (Groundball, 34, EV 96.9 MPH)
|
Batting: SHB Mark Bailey
|
0-0: Ball 1-0: Foul Ball, location: 2F 1-1: Ball 2-1: Ground out 1-3 (Groundball, 13, EV 70.6 MPH)
|
Batting: LHB Preston Cash
|
0-0: Swinging Strike 0-1: Ball 1-1: Ball 2-1: Foul Ball, location: 2F 2-2: Foul Ball, location: 2F 2-2: Strikes out looking
|
Top of the 1st over - 0 runs, 0 hits, 0 errors, 0 left on base; Greensboro 0 - Lynchburg 0 |
BOTTOM OF THE 1ST |
Lynchburg Hillcats batting - Pitching for Greensboro Hornets : RHP Jose Paz
|
Pitching: RHP Jose Paz
|
|
Batting: RHB Ronald Lee
|
0-0: Ball 1-0: SINGLE (Flyball, 8LS, EV 89.4 MPH)
|
Batting: RHB Russ Quetti
|
0-0: Called Strike 0-1: Ball 1-1: Ball 2-1: Swinging Strike 2-2: Fly out, F8 (Flyball, 8LS, EV 91.3 MPH)
|
Batting: RHB William Lajoie
|
0-0: Called Strike 0-1: Grounds into double play, 5-4-3 (Groundball, 56S, EV 90.0 MPH)
|
Bottom of the 1st over - 0 runs, 1 hit, 0 errors, 0 left on base; Greensboro 0 - Lynchburg 0 |
TOP OF THE 2ND |
Greensboro Hornets batting - Pitching for Lynchburg Hillcats : RHP Steve Ontiveros
|
Batting: RHB Greg Jelks
|
0-0: Ball 1-0: Foul Ball, location: 2F 1-1: Fly out, F3 (Line Drive, 3, EV 61.3 MPH)
|
Batting: LHB Fernando Vazquez
|
0-0: Ball 1-0: Ball 2-0: Ball 3-0: Called Strike 3-1: Base on Balls
|
Batting: RHB Bernardo Brito
|
0-0: Ball 1-0: DOUBLE (Flyball, 78XD, EV 99.4 MPH) Fernando Vazquez to third Runner from 3rd tries for Home, SAFE, no throw by CF
|
Batting: LHB John Hughes
|
0-0: Called Strike 0-1: Foul Ball, location: 2F 0-2: Strikes out swinging
|
Batting: RHB John Lohse
|
0-0: SINGLE (Groundball, 56D, EV 110.0 MPH) Bernardo Brito to third Runner from 3rd tries for Home, SAFE, throw by LF to home
|
Batting: RHB Craig Hendrickson
|
0-0: Ball 1-0: Called Strike 1-1: Swinging Strike 1-2: Strikes out swinging
|
Top of the 2nd over - 2 runs, 2 hits, 0 errors, 1 left on base; Greensboro 2 - Lynchburg 0 |
BOTTOM OF THE 2ND |
Lynchburg Hillcats batting - Pitching for Greensboro Hornets : RHP Jose Paz
|
Batting: RHB Richard Witt
|
0-0: Swinging Strike 0-1: Fly out, F6 (Line Drive, 6, EV 65.0 MPH)
|
Batting: RHB Kenneth Tillman
|
0-0: Ball 1-0: Ball 2-0: Ball 3-0: Called Strike 3-1: Called Strike 3-2: Strikes out swinging
|
Batting: LHB Harold Warner
|
0-0: Swinging Strike 0-1: Ball 1-1: Foul Ball, location: 2F 1-2: SINGLE (Groundball, 6D, EV 97.5 MPH)
|
Batting: RHB Frederic Wade
|
0-0: Called Strike 0-1: Ball Harold Warner steals 2nd, throwing error, E2 Harold Warner to third 1-1: Ground out 1-3 (Groundball, 34S, EV 66.3 MPH)
|
Bottom of the 2nd over - 0 runs, 1 hit, 1 error, 1 left on base; Greensboro 2 - Lynchburg 0 |
TOP OF THE 3RD |
Greensboro Hornets batting - Pitching for Lynchburg Hillcats : RHP Steve Ontiveros
|
Batting: RHB Armando Moreno
|
0-0: DOUBLE (Groundball, 5L, EV 100.0 MPH)
|
Batting: SHB Mark Bailey
|
0-0: Swinging Strike 0-1: Called Strike 0-2: Strikes out swinging
|
Batting: LHB Preston Cash
|
0-0: Foul Ball, location: 2F 0-1: Ball 1-1: Foul Ball, location: 2F 1-2: Foul Ball, location: 2F 1-2: SINGLE (Flyball, 9LS, EV 87.5 MPH) Armando Moreno to third
|
Batting: RHB Greg Jelks
|
0-0: Foul Ball, location: 2F 0-1: Swinging Strike 0-2: Ball 1-2: Fielders Choice at 2nd, 4-6 (Groundball, 34, EV 99.4 MPH) Armando Moreno scores
|
Batting: LHB Fernando Vazquez
|
0-0: Foul Ball, location: 2F 0-1: Ball 1-1: Foul Ball, location: 2F 1-2: Fly out, F7 (Flyball, 7S, EV 78.8 MPH)
|
Top of the 3rd over - 1 run, 2 hits, 0 errors, 1 left on base; Greensboro 3 - Lynchburg 0 |
BOTTOM OF THE 3RD |
Lynchburg Hillcats batting - Pitching for Greensboro Hornets : RHP Jose Paz
|
Batting: RHB Jon Corella
|
0-0: Foul Ball, location: 2F 0-1: Ball 1-1: Swinging Strike 1-2: Strikes out swinging
|
Batting: RHB Felix Estrada
|
0-0: Called Strike 0-1: Swinging Strike 0-2: Foul Ball, location: 2F 0-2: Ball 1-2: Strikes out swinging
|
Batting: RHB Ronald Lee
|
0-0: Swinging Strike 0-1: Ball 1-1: Ground out 6-3 (Groundball, 6, EV 87.5 MPH)
|
Bottom of the 3rd over - 0 runs, 0 hits, 0 errors, 0 left on base; Greensboro 3 - Lynchburg 0 |
TOP OF THE 4TH |
Greensboro Hornets batting - Pitching for Lynchburg Hillcats : RHP Steve Ontiveros
|
Batting: RHB Bernardo Brito
|
0-0: Ball 1-0: Foul Ball, location: 2F 1-1: Called Strike 1-2: Ground out 5-3 (Groundball, 5S, EV 70.6 MPH)
|
Batting: LHB John Hughes
|
0-0: Ground out 4-3 (Groundball, 4, EV 86.3 MPH)
|
Batting: RHB John Lohse
|
0-0: Ball 1-0: Fly out, F8 (Line Drive, 8LM, EV 99.4 MPH)
|
Top of the 4th over - 0 runs, 0 hits, 0 errors, 0 left on base; Greensboro 3 - Lynchburg 0 |
BOTTOM OF THE 4TH |
Lynchburg Hillcats batting - Pitching for Greensboro Hornets : RHP Jose Paz
|
Batting: RHB Russ Quetti
|
0-0: Ball 1-0: Ground out 5-3 (Groundball, 56, EV 85.6 MPH)
|
Batting: RHB William Lajoie
|
0-0: Ball 1-0: DOUBLE (Flyball, 78XD, EV 103.1 MPH)
|
Batting: RHB Richard Witt
|
0-0: Ball William Lajoie steals 3rd base 1-0: Ball 2-0: SINGLE (Groundball, 6, EV 98.1 MPH) William Lajoie scores
|
Batting: RHB Kenneth Tillman
|
0-0: Hit by Pitch Richard Witt to second
|
Batting: LHB Harold Warner
|
0-0: Called Strike 0-1: Ball 1-1: DOUBLE (Line Drive, 7LM, EV 87.5 MPH) Richard Witt scores Kenneth Tillman to third
|
Batting: RHB Frederic Wade
|
0-0: Called Strike 0-1: Foul Ball, location: 2F 0-2: Ball 1-2: Ball 2-2: Ground out 6-3 (Groundball, 6, EV 90.6 MPH) Kenneth Tillman scores Harold Warner to third
|
Batting: RHB Jon Corella
|
0-0: Called Strike 0-1: Ground out 4-3 (Groundball, 4, EV 86.9 MPH)
|
Bottom of the 4th over - 3 runs, 3 hits, 0 errors, 1 left on base; Greensboro 3 - Lynchburg 3 |
TOP OF THE 5TH |
Greensboro Hornets batting - Pitching for Lynchburg Hillcats : RHP Steve Ontiveros
|
Batting: RHB Craig Hendrickson
|
0-0: Called Strike 0-1: Foul Ball, location: 2F 0-2: Foul Ball, location: 2F 0-2: Foul Ball, location: 2F 0-2: Ball 1-2: Ball 2-2: Foul Ball, location: 2F 2-2: Ball 3-2: Fly out, F4 (Popup, 4S, EV 65.6 MPH)
|
Batting: RHB Armando Moreno
|
0-0: SINGLE (Flyball, 89S, EV 90.0 MPH)
|
Batting: SHB Mark Bailey
|
0-0: Called Strike 0-1: Foul Ball, location: 2F 0-2: Ball 1-2: SINGLE (Line Drive, 56D, EV 97.5 MPH) Armando Moreno to second
|
Batting: LHB Preston Cash
|
0-0: Called Strike 0-1: Ball 1-1: Called Strike 1-2: Foul Ball, location: 2F 1-2: Foul Ball, location: 2F 1-2: Ball 2-2: Ball 3-2: SINGLE (Flyball, 8RS, EV 90.6 MPH) Armando Moreno to third Mark Bailey to second
|
Batting: RHB Greg Jelks
|
0-0: SINGLE (Groundball, 6MD, EV 108.8 MPH) Armando Moreno scores Mark Bailey to third Preston Cash to second
|
Batting: LHB Fernando Vazquez
|
0-0: Ball 1-0: Grounds into double play, 4-6-3 (Groundball, 4, EV 88.1 MPH)
|
Top of the 5th over - 1 run, 4 hits, 0 errors, 2 left on base; Greensboro 4 - Lynchburg 3 |
BOTTOM OF THE 5TH |
Lynchburg Hillcats batting - Pitching for Greensboro Hornets : RHP Jose Paz
|
Batting: RHB Felix Estrada
|
0-0: Ball 1-0: Ball 2-0: Ball 3-0: Base on Balls
|
Batting: RHB Ronald Lee
|
0-0: Ball 1-0: Bunt missed! 1-1: Bunted foul 1-2: Ground out 5-3 (Groundball, 6S, EV 88.1 MPH) Felix Estrada to second
|
Batting: RHB Russ Quetti
|
0-0: Called Strike 0-1: Fly out, F8 (Flyball, 8LD, EV 102.5 MPH) Runner from 2nd tags up, SAFE at 3rd with throw by CF
|
Batting: RHB William Lajoie
|
0-0: Called Strike 0-1: Ball 1-1: Foul Ball, location: 2F 1-2: Foul Ball, location: 2F 1-2: Fly out, F3 (Popup, 3, EV 68.8 MPH)
|
Bottom of the 5th over - 0 runs, 0 hits, 0 errors, 1 left on base; Greensboro 4 - Lynchburg 3 |
TOP OF THE 6TH |
Greensboro Hornets batting - Pitching for Lynchburg Hillcats : RHP Steve Ontiveros
|
Batting: RHB Bernardo Brito
|
0-0: Called Strike 0-1: Ball 1-1: Ball 2-1: Swinging Strike 2-2: Strikes out swinging
|
Batting: LHB John Hughes
|
0-0: Called Strike 0-1: Called Strike 0-2: Foul Ball, location: 2F 0-2: Ball 1-2: Ball 2-2: Foul Ball, location: 2F 2-2: Foul Ball, location: 2F 2-2: Strikes out swinging
|
Batting: RHB John Lohse
|
0-0: Called Strike 0-1: Ball 1-1: Called Strike 1-2: Ball 2-2: Strikes out swinging, 2-3 out at first.
|
Top of the 6th over - 0 runs, 0 hits, 0 errors, 0 left on base; Greensboro 4 - Lynchburg 3 |
BOTTOM OF THE 6TH |
Lynchburg Hillcats batting - Pitching for Greensboro Hornets : RHP Jose Paz
|
Batting: RHB Richard Witt
|
0-0: Called Strike 0-1: Ball 1-1: Foul Ball, location: 2F 1-2: Ball 2-2: Foul Ball, location: 2F 2-2: Ground out 5-3 (Groundball, 5L, EV 80.0 MPH)
|
Batting: RHB Kenneth Tillman
|
0-0: Called Strike 0-1: Called Strike 0-2: DOUBLE (Flyball, 8RXD, EV 102.5 MPH)
|
Batting: LHB Harold Warner
|
0-0: Foul Ball, location: 2F 0-1: Ball 1-1: Ball 2-1: Foul Ball, location: 2F 2-2: Foul Ball, location: 2F 2-2: Foul Ball, location: 2F 2-2: SINGLE (Groundball, 6MD, EV 93.8 MPH) Kenneth Tillman to third Runner from 3rd tries for Home, SAFE, throw by CF to home
|
Batting: RHB Frederic Wade
|
0-0: Ball 1-0: Ball 2-0: Swinging Strike 2-1: Ball 3-1: Base on Balls Harold Warner to second
|
Batting: RHB Jon Corella
|
0-0: Called Strike 0-1: Swinging Strike 0-2: SINGLE (Groundball, 6D, EV 95.6 MPH) Harold Warner to third Frederic Wade to second Runner from 3rd tries for Home, SAFE, throw by LF to home
|
Pitching: RHP Orlando Ochoa
|
|
Batting: RHB Felix Estrada
|
0-0: DOUBLE (Flyball, 89D, EV 91.3 MPH) Frederic Wade scores Jon Corella to third
|
Batting: RHB Ronald Lee
|
0-0: Ground out 4-3 (Groundball, 4, EV 83.8 MPH)
|
Batting: RHB Russ Quetti
|
0-0: Called Strike 0-1: Swinging Strike 0-2: Strikes out swinging
|
Bottom of the 6th over - 3 runs, 4 hits, 0 errors, 2 left on base; Greensboro 4 - Lynchburg 6 |
TOP OF THE 7TH |
Greensboro Hornets batting - Pitching for Lynchburg Hillcats : RHP Steve Ontiveros
|
Batting: RHB Craig Hendrickson
|
0-0: Ball 1-0: Foul Ball, location: 2F 1-1: Ball 2-1: Fly out, F3 (Line Drive, 3, EV 71.9 MPH)
|
Batting: RHB Armando Moreno
|
0-0: SINGLE (Line Drive, 34D, EV 106.9 MPH)
|
Batting: SHB Mark Bailey
|
0-0: Ball 1-0: Fielders Choice at 2nd, 1-6 (Groundball, P, EV 75.6 MPH)
|
Batting: LHB Preston Cash
|
0-0: Ball 1-0: SINGLE (Groundball, 6MD, EV 103.8 MPH) Mark Bailey to second Runner from 2nd tries for 3rd, SAFE, throw by CF made to third
|
Batting: RHB Greg Jelks
|
0-0: Called Strike 0-1: Ball 1-1: Swinging Strike 1-2: Foul Ball, location: 2F 1-2: Ball 2-2: Fly out, F4 (Popup, 34, EV 78.1 MPH)
|
Top of the 7th over - 0 runs, 2 hits, 0 errors, 2 left on base; Greensboro 4 - Lynchburg 6 |
BOTTOM OF THE 7TH |
Lynchburg Hillcats batting - Pitching for Greensboro Hornets : RHP Orlando Ochoa
|
Batting: RHB William Lajoie
|
0-0: Ball 1-0: Ball 2-0: Ground out 5-3 (Groundball, 5, EV 87.5 MPH)
|
Batting: RHB Richard Witt
|
0-0: Ball 1-0: Swinging Strike 1-1: Ball 2-1: Ground out 5-3 (Groundball, 56S, EV 68.1 MPH)
|
Batting: RHB Kenneth Tillman
|
0-0: Ball 1-0: Swinging Strike 1-1: Foul Ball, location: 2F 1-2: Foul Ball, location: 2F 1-2: Strikes out swinging
|
Bottom of the 7th over - 0 runs, 0 hits, 0 errors, 0 left on base; Greensboro 4 - Lynchburg 6 |
TOP OF THE 8TH |
Greensboro Hornets batting - Pitching for Lynchburg Hillcats : RHP Steve Ontiveros
|
Pitching: LHP Bishwajeet Lopez
|
|
Batting: LHB Fernando Vazquez
|
0-0: Ground out 4-3 (Groundball, 13, EV 90.0 MPH)
|
Pitching: RHP Kevin Richards
|
|
Batting: RHB Bernardo Brito
|
0-0: Ball 1-0: Ball 2-0: Fly out, F7 (Flyball, 7LM, EV 84.4 MPH)
|
Batting: LHB John Hughes
|
0-0: Foul Ball, location: 2F 0-1: Ball 1-1: Ball 2-1: Foul Ball, location: 2F 2-2: Strikes out swinging
|
Top of the 8th over - 0 runs, 0 hits, 0 errors, 0 left on base; Greensboro 4 - Lynchburg 6 |
BOTTOM OF THE 8TH |
Lynchburg Hillcats batting - Pitching for Greensboro Hornets : RHP Orlando Ochoa
|
Batting: LHB Harold Warner
|
0-0: Ground out 4-3 (Groundball, 4M, EV 97.5 MPH)
|
Batting: RHB Frederic Wade
|
0-0: Ball 1-0: Ball 2-0: Ball 3-0: Called Strike 3-1: Base on Balls
|
Batting: RHB Jon Corella
|
0-0: SINGLE (Groundball, 6MD, EV 101.3 MPH) Frederic Wade to second Runner from 2nd tries for 3rd, SAFE, throw by CF made to third
|
Batting: RHB Felix Estrada
|
Pickoff Throw to First - Out! 1-3 0-0: Ground out 6-3 (Groundball, 6, EV 79.4 MPH)
|
Bottom of the 8th over - 0 runs, 1 hit, 0 errors, 1 left on base; Greensboro 4 - Lynchburg 6 |
TOP OF THE 9TH |
Greensboro Hornets batting - Pitching for Lynchburg Hillcats : RHP Kevin Richards
|
Pitching: RHP Paul Steets
|
|
Batting: RHB John Lohse
|
0-0: Ground out 5-3 (Groundball, 56, EV 85.0 MPH)
|
Batting: RHB Craig Hendrickson
|
0-0: Ball 1-0: Ball 2-0: Ball 3-0: Base on Balls
|
Batting: RHB Armando Moreno
|
0-0: Swinging Strike 0-1: Ball 1-1: Foul Ball, location: 2F 1-2: Foul Ball, location: 2F 1-2: Ball 2-2: Ball 3-2: Foul Ball, location: 2F 3-2: Base on Balls Craig Hendrickson to second
|
Batting: SHB Mark Bailey
|
0-0: Called Strike 0-1: Ball 1-1: Called Strike 1-2: Ball 2-2: Foul Ball, location: 2F 2-2: Strikes out looking
|
Batting: LHB Preston Cash
|
0-0: Called Strike 0-1: Ball 1-1: Foul Ball, location: 2F 1-2: Ball 2-2: Ball 3-2: Foul Ball, location: 2F 3-2: DOUBLE (Line Drive, 7LM, EV 87.5 MPH) Craig Hendrickson scores Armando Moreno to third Armando Moreno scores
|
Batting: RHB Greg Jelks
|
0-0: Foul Ball, location: 2F 0-1: Swinging Strike 0-2: Strikes out swinging
|
Top of the 9th over - 2 runs, 1 hit, 0 errors, 1 left on base; Greensboro 6 - Lynchburg 6 |
BOTTOM OF THE 9TH |
Lynchburg Hillcats batting - Pitching for Greensboro Hornets : RHP Orlando Ochoa
|
Pitching: RHP Ray Krawczyk
|
|
Batting: RHB Ronald Lee
|
0-0: Foul Ball, location: 2F 0-1: Ball 1-1: Ball 2-1: Called Strike 2-2: Ball 3-2: Fly out, F6 (Popup, 6M, EV 57.5 MPH)
|
Pinch Hitting: RHB Luis A Rivera
|
0-0: Called Strike 0-1: Ball 1-1: Ball 2-1: Ball 3-1: Foul Ball, location: 2F 3-2: SINGLE (Groundball, 6MD, EV 101.3 MPH)
|
Batting: LHB Stanley Cannon
|
0-0: Ball 1-0: Called Strike 1-1: Called Strike 1-2: Foul Ball, location: 2F 1-2: Fly out, F8 (Flyball, 8LS, EV 91.9 MPH)
|
Batting: RHB Richard Witt
|
0-0: Ball 1-0: Ball 2-0: Ball 3-0: Called Strike 3-1: Fly out, F8 (Flyball, 89D, EV 100.0 MPH)
|
Bottom of the 9th over - 0 runs, 1 hit, 0 errors, 1 left on base; Greensboro 6 - Lynchburg 6 |
TOP OF THE 10TH |
Greensboro Hornets batting - Pitching for Lynchburg Hillcats : RHP Paul Steets
|
Pitching: LHP Steve Howe
|
|
Now at SS: Luis A Rivera
|
|
Batting: LHB Fernando Vazquez
|
0-0: Ball 1-0: Foul Ball, location: 2F 1-1: Fly out, F9 (Flyball, 9LM, EV 91.9 MPH)
|
Batting: RHB Bernardo Brito
|
0-0: Called Strike 0-1: Ball 1-1: Foul Ball, location: 2F 1-2: Ball 2-2: Ball 3-2: Ground out U3 (Groundball, 3, EV 84.4 MPH)
|
Batting: LHB John Hughes
|
0-0: Ball 1-0: Swinging Strike 1-1: Ball 2-1: Swinging Strike 2-2: Ground out 5-3 (Groundball, 5, EV 86.3 MPH)
|
Top of the 10th over - 0 runs, 0 hits, 0 errors, 0 left on base; Greensboro 6 - Lynchburg 6 |
BOTTOM OF THE 10TH |
Lynchburg Hillcats batting - Pitching for Greensboro Hornets : RHP Ray Krawczyk
|
Batting: RHB Kenneth Tillman
|
0-0: Called Strike 0-1: Swinging Strike 0-2: Strikes out swinging
|
Batting: LHB Harold Warner
|
0-0: Ball 1-0: Called Strike 1-1: Called Strike 1-2: DOUBLE (Line Drive, 78M, EV 105.6 MPH)
|
Batting: RHB Frederic Wade
|
0-0: Ball 1-0: Called Strike 1-1: Foul Ball, location: 2F 1-2: Foul Ball, location: 2F 1-2: Ball 2-2: Strikes out swinging
|
Batting: RHB Jon Corella
|
0-0: Intentional Walk
|
Batting: RHB Felix Estrada
|
0-0: Ball 1-0: Ball 2-0: Ball 3-0: Called Strike 3-1: Base on Balls Harold Warner to third Jon Corella to second
|
Batting: RHB Ronald Lee
|
0-0: Foul Ball, location: 2F 0-1: Fly out, F5 (Flyball, 5D, EV 81.3 MPH)
|
Bottom of the 10th over - 0 runs, 1 hit, 0 errors, 3 left on base; Greensboro 6 - Lynchburg 6 |
TOP OF THE 11TH |
Greensboro Hornets batting - Pitching for Lynchburg Hillcats : LHP Steve Howe
|
Batting: RHB John Lohse
|
0-0: Ball 1-0: Swinging Strike 1-1: Hit by Pitch
|
Batting: RHB Craig Hendrickson
|
0-0: Foul Ball, location: 2F 0-1: Called Strike 0-2: Grounds into double play, 6-4-3 (Groundball, 6, EV 103.1 MPH)
|
Batting: RHB Armando Moreno
|
0-0: Called Strike 0-1: Swinging Strike 0-2: Ball 1-2: Ball 2-2: Ball 3-2: Strikes out swinging
|
Top of the 11th over - 0 runs, 0 hits, 0 errors, 0 left on base; Greensboro 6 - Lynchburg 6 |
BOTTOM OF THE 11TH |
Lynchburg Hillcats batting - Pitching for Greensboro Hornets : RHP Ray Krawczyk
|
Pitching: LHP Alan Walker
|
|
Batting: RHB Luis A Rivera
|
0-0: Swinging Strike 0-1: Foul Ball, location: 2F 0-2: Ball 1-2: Foul Ball, location: 2F 1-2: Strikes out swinging
|
Batting: LHB Stanley Cannon
|
0-0: Foul Ball, location: 2F 0-1: Ground out 6-3 (Groundball, 6, EV 100.6 MPH)
|
Batting: RHB Richard Witt
|
0-0: Foul Ball, location: 2F 0-1: Foul Ball, location: 2F 0-2: Foul Ball, location: 2F 0-2: Strikes out swinging
|
Bottom of the 11th over - 0 runs, 0 hits, 0 errors, 0 left on base; Greensboro 6 - Lynchburg 6 |
TOP OF THE 12TH |
Greensboro Hornets batting - Pitching for Lynchburg Hillcats : LHP Steve Howe
|
Batting: SHB Mark Bailey
|
0-0: Called Strike 0-1: Ball 1-1: Foul Ball, location: 2F 1-2: Ball 2-2: Ground out 5-3 (Groundball, 56S, EV 86.3 MPH)
|
Batting: LHB Preston Cash
|
0-0: Ball 1-0: Ball 2-0: Ball 3-0: Base on Balls
|
Pitching: LHP Dennis Zimmerman
|
|
Batting: RHB Greg Jelks
|
0-0: Ball 1-0: Ball 2-0: Foul Ball, location: 2F 2-1: Ball 3-1: Fly out, F7 (Flyball, 7LS, EV 95.6 MPH)
|
Batting: LHB Fernando Vazquez
|
0-0: Ball 1-0: Fly out, F8 (Line Drive, 8LD, EV 82.5 MPH)
|
Top of the 12th over - 0 runs, 0 hits, 0 errors, 1 left on base; Greensboro 6 - Lynchburg 6 |
BOTTOM OF THE 12TH |
Lynchburg Hillcats batting - Pitching for Greensboro Hornets : LHP Alan Walker
|
Batting: RHB Kenneth Tillman
|
0-0: Reached on error, E3 (Groundball, 34, EV 103.8 MPH)
|
Batting: LHB Harold Warner
|
0-0: Ball 1-0: Ball 2-0: Ball 3-0: Called Strike 3-1: Foul Ball, location: 2F 3-2: Base on Balls Kenneth Tillman to second
|
Batting: RHB Frederic Wade
|
0-0: Sac Bunt to 2R - play at first, batter OUT! 2-4 Kenneth Tillman to third Harold Warner to second
|
Batting: RHB Jon Corella
|
0-0: Intentional Walk
|
Batting: RHB Felix Estrada
|
0-0: Called Strike 0-1: Foul Ball, location: 2F 0-2: Ball 1-2: Grounds into fielders choice 5-2 (Groundball, 56S, EV 86.3 MPH) Harold Warner to third Jon Corella to second
|
Batting: RHB Ronald Lee
|
0-0: Called Strike 0-1: Fly out, F7 (Flyball, 7LM, EV 88.8 MPH)
|
Bottom of the 12th over - 0 runs, 0 hits, 1 error, 3 left on base; Greensboro 6 - Lynchburg 6 |
TOP OF THE 13TH |
Greensboro Hornets batting - Pitching for Lynchburg Hillcats : LHP Dennis Zimmerman
|
Batting: RHB Bernardo Brito
|
0-0: Ball 1-0: Ball 2-0: Ground out 6-3 (Groundball, 6, EV 81.3 MPH)
|
Batting: LHB John Hughes
|
0-0: Ball 1-0: Called Strike 1-1: Ball 2-1: Foul Ball, location: 2F 2-2: Ball 3-2: SOLO HOME RUN (Line Drive, 89XD, EV 106.9 MPH), Distance : 406 ft
|
Batting: RHB John Lohse
|
0-0: Called Strike 0-1: Ball 1-1: Foul Ball, location: 2F 1-2: Foul Ball, location: 2F 1-2: SOLO HOME RUN (Flyball, 7D, EV 104.4 MPH), Distance : 373 ft
|
Batting: RHB Craig Hendrickson
|
0-0: Ball 1-0: Foul Ball, location: 2F 1-1: Ground out 6-3 (Groundball, 6, EV 84.4 MPH)
|
Batting: RHB Armando Moreno
|
0-0: Ball 1-0: Swinging Strike 1-1: Called Strike 1-2: Ball 2-2: Ball 3-2: Base on Balls
|
Batting: SHB Mark Bailey
|
0-0: Ball 1-0: Fly out, F3 (Popup, 3SF, EV 81.9 MPH)
|
Top of the 13th over - 2 runs, 2 hits, 0 errors, 1 left on base; Greensboro 8 - Lynchburg 6 |
BOTTOM OF THE 13TH |
Lynchburg Hillcats batting - Pitching for Greensboro Hornets : LHP Alan Walker
|
Batting: RHB Luis A Rivera
|
0-0: Ball 1-0: Ball 2-0: Ball 3-0: Base on Balls
|
Batting: RHB Everett Rey
|
0-0: Ball 1-0: Called Strike 1-1: Ball 2-1: Called Strike 2-2: Ball 3-2: Base on Balls Luis A Rivera to second
|
Batting: RHB Richard Witt
|
0-0: Fly out, F9 (Flyball, 89S, EV 83.1 MPH)
|
Pitching: RHP Jeff Blobaum
|
|
Batting: RHB Kenneth Tillman
|
0-0: Ball 1-0: Swinging Strike 1-1: Called Strike 1-2: Foul Ball, location: 2F 1-2: Fielders Choice at 2nd, 3-6 (Groundball, 34S, EV 89.4 MPH) Luis A Rivera to third
|
Batting: LHB Harold Warner
|
0-0: Foul Ball, location: 2F 0-1: Swinging Strike 0-2: Strikes out swinging
|
Bottom of the 13th over - 0 runs, 0 hits, 0 errors, 2 left on base; Greensboro 8 - Lynchburg 6 |
|